 Dungeon Sprint DCSS version 0.30.1-11-g7821555f0a (webtiles) character file.

Game seed: 6058839889142665927

13 Groucho the Digger (level 2, -4/15 HPs)
             Began as a Deep Elf Earth Elementalist on Dec 24, 2023.
             Was a Priest of Sif Muna.
             Slain by a bullfrog (8 damage)
             ... in the Dungeon (Sprint VII: "The Pits").
             The game lasted 00:01:21 (150 turns).

Groucho the Digger (Deep Elf Earth Elementalist)     Turns: 150, Time: 00:01:22

Health: -4/15      AC:  2    Str:  5    XL:     2   Next: 24%
Magic:  7/8        EV: 12    Int: 19    God:    Sif Muna [***...]
Gold:   0          SH:  0    Dex: 15    Spells: 6/7 levels left

rFire   . . .        i - +2 falchion
rCold   . . .        (no shield)
rNeg    . . .        a - +0 robe
rPois   .            (no helmet)
rElec   .            (no cloak)
rCorr   .            (no gloves)
SInv    .            (no boots)
Will    .....        (no amulet)
Stlth   ++           (no ring)
HPRegen 0.22/turn    (no ring)
MPRegen 0.11/turn

%: no teleportation
@: no status effects
A: no striking features
a: Renounce Religion, Channel Magic, Forget Spell


You were in the Dungeon.
You worshipped Sif Muna.
Sif Muna was most pleased with you.
You visited 1 branch

Inventory:

Hand Weapons
 h - a +2 dagger
 i - a +2 falchion (weapon)
Armour
 a - a +0 robe (worn)
Scrolls
 g - a scroll of blinking
 k - 5 scrolls of amnesia
 l - a scroll of summoning
Potions
 b - 5 potions of magic
 c - 6 potions of curing
 d - 5 potions of heal wounds
 e - a potion of haste
 f - 3 potions of berserk rage
 j - 2 potions of invisibility


   Skills:
 - Level 2.4 Dodging
 - Level 2.4 Stealth
 - Level 3.0 Spellcasting
 - Level 1.1 Transmutations
 + Level 6.1 Earth Magic


You had 6 spell levels left.
You knew the following spells:

 Your Spells              Type           Power      Damage    Failure   Level
a - Sandblast             Erth           52%        2d12      1%          1

Your spell library contained the following spells:

 Spells                   Type           Power      Damage    Failure   Level
 Passwall                 Tmut/Erth      13%        N/A       5%          2
 Stone Arrow              Conj/Erth      28%        3d8       13%         3
 Petrify                  Tmut/Erth      16%        N/A       34%         4


Dungeon Overview and Level Annotations

Branches:
Dungeon (1/1)

Altars:
Ashenzari
Cheibriados
Dithmenos
Elyvilon
Fedhas
Gozag
Hepliaklqana
Kikubaaqudgha
Makhleb
Nemelex Xobeh
Okawaru
Qazlal
Ru
Sif Muna
Trog
Uskayaw
Vehumet
Wu Jian
Xom
Yredelemnul
Zin
The Shining One
Jiyva
Lugonu

Annotations:
D Grinder


Message History

You see here a +1 dagger of venom.
You see here a +2 heavy trident.
c - 6 potions of curing (gained 5)
d - 5 potions of heal wounds You see here a +1 mace of protection.
You see here a +0 quarterstaff of speed.
You see here a +1 long sword of holy wrath.
You see here a +2 plate armour.
There is an open door here.
There is an open door, spattered with blood here.
You see here a quokka corpse.
You see here a bat corpse.
There is an open door here.
There is an open door here.
You open the door.
There is an open door here.
You open the door.
Grinder and 2 orcs come into view.
Grinder shouts!
You hear a croak.
You hear an angry hiss.
A jelly comes into view.
An orc comes into view. It is wielding a +0 mace.
The jelly quivers.
A bullfrog, a frilled lizard and an orc wizard come into view.
The bullfrog croaks.
The orc shouts!
The orc wizard shouts!
The orc shouts!
There is an open door here.
The bullfrog attacks as you move away! The bullfrog hits you.
The bullfrog hits you but does no damage.
Casting: Sandblast (safe; 1% risk of failure)
Confirm with . or Enter, or press ? or * to list all spells.
Aiming: Sandblast (safe; 1% risk of failure)
Press: ? - help, Shift-Dir - straight line, f - bullfrog
Aim: a bullfrog (79% to hit)
The blast of sand misses the bullfrog.
The blast of sand hits the orc!
The orc is almost dead.
The bullfrog hits you!
* * * LOW HITPOINT WARNING * * *
The bullfrog hits you but does no damage.
Grinder blinks!
The bullfrog hits you!
Ouch! That really hurt!
You die...

#.?(.'.))'.##.....
##########.##.....
#.......†...'.....
#'#####'#####†....
#.#..#..#..##.....
#.#..'..#))#####'#
#.#..####))##.....
#.#..#..#))##.....
#@#.†#..#[[##.....
#F##†#†.#'###...<.
#o#........##.....
#.#.†......##.....
#o###########.....
#Jl# ###### #.§.5
##.#l# ...o.


You could see a bullfrog, a jelly, 2 orcs and a frilled lizard.

Vanquished Creatures
  A bat (D)
  A bat skeleton (D)
  An endoplasm (D)
  A giant cockroach (D)
  2 jackals (D)
  2 quokkas (D)
  A ball python zombie (D)
  A frilled lizard (D)
  A rat (D)
11 creatures vanquished.

Notes
Turn   | Place    | Note
-------+----------+-------------------------------------------
     0 | D        | Groucho the Deep Elf Earth Elementalist began the quest for
                  | the Orb.
     0 | D        | Reached XP level 1. HP: 10/10 MP: 6/6
    40 | D        | Found a glowing golden altar of the Shining One.
    40 | D        | Found a glowing silver altar of Zin.
    40 | D        | Found a basalt altar of Yredelemnul.
    40 | D        | Found a shimmering altar of Xom.
    40 | D        | Found an ornate altar of the Wu Jian Council.
    40 | D        | Found a bloodstained altar of Trog.
    40 | D        | Found a shimmering blue altar of Sif Muna.
    40 | D        | Found a sacrificial altar of Ru.
    40 | D        | Found a stormy altar of Qazlal.
    40 | D        | Found an iron altar of Okawaru.
    40 | D        | Found a sparkling altar of Nemelex Xobeh.
    40 | D        | Found a burning altar of Makhleb.
    40 | D        | Found a viscous altar of Jiyva.
    40 | D        | Found a hazy altar of Hepliaklqana.
    40 | D        | Found an opulent altar of Gozag.
    40 | D        | Found a blossoming altar of Fedhas.
    40 | D        | Found a white marble altar of Elyvilon.
    40 | D        | Found a shadowy altar of Dithmenos.
    40 | D        | Found a snail-covered altar of Cheibriados.
    42 | D        | Found a radiant altar of Vehumet.
    42 | D        | Found a corrupted altar of Lugonu.
    43 | D        | Found a hide-covered altar of Uskayaw.
    43 | D        | Found an ancient bone altar of Kikubaaqudgha.
    43 | D        | Found a broken altar of Ashenzari.
    45 | D        | Became a worshipper of Sif Muna the Loreminder
    56 | D        | Reached skill level 4 in Earth Magic
    68 | D        | Reached * piety under Sif Muna
    70 | D        | Reached skill level 5 in Earth Magic
    82 | D        | Reached ** piety under Sif Muna
    83 | D        | Reached XP level 2. HP: 15/15 MP: 6/8
    91 | D        | Reached *** piety under Sif Muna
    92 | D        | Reached skill level 6 in Earth Magic
   144 | D        | Noticed Grinder
   145 | D        | Noticed a bullfrog
   150 | D        | Slain by a bullfrog

Illustrated notes

Levels and vault maps discovered:
D:        pitsprint [storerooms_1, entrance_room_1, metal_vault_1, armoury_2,
          mini_pit_1, grid_room_1, main_hall_1, silver_pit, the_coven_1,
          the_vestibule_1, steel_vault_4, golden_pit, hallway_of_sentries,
          crystal_vault_5, iron_vault_4, final_vault]

Skill      XL: |  1  2 |
---------------+-------+-----
Earth Magic    | 5 6 |  6.1
Dodging        | |  2.4
Stealth        | |  2.4
Spellcasting   | |  3.0
Transmutations | |  1.1

Action                     || total
---------------------------++-------
  Melee: Falchion          ||    10
   Cast: Sandblast         ||     9
    Use: Potion            ||     1
   Stab: Sleeping          ||     1
 Armour: Robe              ||     5
  Dodge: Dodged            ||     7
